 Dungeon Crawl Stone Soup version 0.31-a0-1074-g0b22e4e0f1 (webtiles) character file.

Game seed: 16496193083729469024

3887 ytrimaz the Martial Artist (level 10, -21/58 HPs)
             Began as an Octopode Shapeshifter on Dec 5, 2023.
             Was an Initiate of Gozag.
             Demolished by an orc knight
             ... wielding a +0 battleaxe
              (29 damage)
             ... in a bailey.
             The game lasted 00:11:07 (8379 turns).

ytrimaz the Martial Artist (Octopode Shapeshifter)  Turns: 8379, Time: 00:11:08

Health: -21/58     AC:  1    Str: 15    XL:     10   Next: 19%
Magic:  10/10      EV: 13    Int: 12    God:    Gozag
Gold:   1189       SH:  9    Dex: 15    Spells: 9/9 levels left

rFire   . .          .
                       - Unarmed
rCold   . . .        h - +1 kite shield
rNeg    . . .        (helmet currently unavailable)
rPois   .            (no amulet)
rElec   .            (no ring)
rCorr   .            (no ring)
SInv    .            (no ring)
Will    .....        (no ring)
Stlth   ++++         (no ring)
HPRegen 0.29/turn    (no ring)
MPRegen 0.12/turn    (no ring)
                     (no ring)

%: no passive effects
@: beast-form
A: beast (slay +4), almost no armour, amphibious, 8 rings, camouflage 1,
gelatinous body 1, (nimble swimmer 1), tentacles
a: Begin Untransformation, Renounce Religion, Potion Petition, Call Merchant,
Bribe Branch


You were in a bailey.
You worshipped Gozag.
Gozag was most pleased with you.
You were a hulking beast.
You visited 2 branches of the dungeon, and saw 9 of its levels.
You also visited: Bailey.

You collected 1270 gold pieces.
You paid 81 gold pieces to Gozag.


Innate Abilities, Weirdness & Mutations

You are a hulking beast.
Your limbs bulge with bestial killing power. (Slay +4)
You cannot wear most types of armour.
You are amphibious.
You can wear up to eight rings at the same time.
Your skin changes colour to match your surroundings (Stealth+).
Your rubbery body absorbs attacks. (AC +1, EV +1)
((You are camouflaged when in or above water. (Stealth+)))
You have tentacles for arms and can constrict up to eight enemies at once.


   Skills:
 - Level 1.0 Fighting
 + Level 5.0 Dodging
 - Level 7.0 Stealth
 - Level 1.3 Shields
 - Level 10.0 Unarmed Combat
 + Level 8.2 Shapeshifting


You had 9 spell levels left.
You didn't know any spells.
Your spell library contained the following spells:

 Spells                   Type           Power      Damage    Failure   Level
 Magic Dart               Conj           0%         1d3       75%         1
 Call Imp                 Summ           0%         N/A       86%         2
 Hailstorm                Conj/Ice       0%         3d3       98%         3
 Mephitic Cloud           Conj/Pois/Air  0%         N/A       98%         3
 Summon Ice Beast         Ice/Summ       0%         N/A       100%        4
 Simulacrum               Ice/Necr       Unusable   N/A       N/A         6

Inventory:

Missiles
 k - 2 throwing nets
 t - 10 boomerangs
Armour
 h - a +1 kite shield (worn)
   (You found it on level 2 of the Dungeon)
Talismans
 b - a beast talisman (active)
 c - a flux talisman
Wands
 a - a wand of mindburst (2)
   (You took it off an orc on level 6 of the Dungeon)
 e - a wand of light (2) (quivered)
   (You found it on level 6 of the Dungeon)
 l - a wand of polymorph (15)
   (You found it on level 3 of the Dungeon)
 s - a wand of roots (2)
   (You found it in a bailey)
Scrolls
 d - a scroll of amnesia
 f - a scroll of blinking
 m - 3 scrolls of identify {unknown}
 n - a scroll of vulnerability
 q - a scroll of revelation {unknown}
 u - a scroll of summoning {unknown}
Potions
 g - a potion of haste
 i - a potion of curing
 j - 4 potions of brilliance
 o - 2 potions of heal wounds {unknown}
 p - a potion of invisibility {unknown}
 r - a potion of enlightenment

Dungeon Overview and Level Annotations

Branches:
Dungeon (8/15) Zot: 26782  Temple (1/1) D:5 Zot: 5815  Bailey (1/1) Zot: 5371
   Lair: D:8-11

Altars:
Ashenzari
Cheibriados
Elyvilon
Fedhas
Gozag
Hepliaklqana
Kikubaaqudgha
Makhleb
Nemelex Xobeh
Okawaru
Qazlal
Ru
Sif Muna
Trog
Uskayaw
Vehumet
Zin
The Shining One

Annotations:
D:4 1 runed translucent door, Crazy Yiuf
D:5 1 runed translucent door, osoart's ghost, novice OpSh
D:7 exclusion: 2 wights

###....#..##.#
###########.#############
##).......)).............###
#...)..)#########)..........
##..######..!. ##'#).......
#...'[#..#.... #..#....⌠...
))..###K.# ... #..#'#......
≈≈..#
'..####'####..#.#.....#
≈≈≈.###...^....oh...###
..... ≈≈≈≈..#..####'####..#
..≈≈≈ ≈≈≈≈≈≈####o...g.g####
≈≈≈≈ ###≈≈≈≈≈∩#...[...#K≈≈≈
~... ###≈≈≈≈#########≈≈≈≈≈
###≈≈≈≈≈≈≈≈≈≈≈≈≈≈....
###≈≈≈≈≈≈≈≈........
##.............## ##..∩.....


You could see an orc knight (blind).


Message History

You bludgeon the orc warrior! You squeeze the orc warrior.
You kill the orc warrior!
The kobold throws a boomerang.
The boomerang barely misses you.
Your Dodging skill increases to level 5! 😮 HP[+1]
The kobold is distracted by your dazzling golden aura.
Items here: $ )))) [[[[.
You tentacle-slap the kobold.
The kobold is no longer distracted by gold.
Your grab misses the kobold. The kobold barely misses you. 😕 HP[+1]
You closely miss the kobold. You grab the kobold. You constrict the kobold.
You kill the kobold!
You now have 814 gold pieces (gained 9).
t - 10 boomerangs (gained 2)
Things that are here:
a +0 war axe; a +0 scale mail Key pressed, stopping explore.
You now have 1176 gold pieces (gained 362).
Items here: )))) [[[[.
Key pressed, stopping explore.
Items here: ))) [[[.
Things that are here:
a +0 hand axe; a +0 leather armour You now have 1182 gold pieces (gained 6).
Things that are here:
a +0 war axe; a +0 scale mail You now have 1189 gold pieces (gained 7).
l - a wand of polymorph (15) (gained 7 charges)
Things that are here:
a +0 hand axe; a +0 leather armour Key pressed, stopping explore.
There is an open door here.
u - a scroll labelled QOAQ KODOI 😎 HP[+14]
Your hp is fully restored (58).
There is an open door here.
Things that are here:
a +0 hand axe; a +0 leather armour
Found a gate leading back out of this place.
There is an open door here.
An orc knight comes into view. It is wielding a +0 battleaxe.
An orc knight is nearby!
Aiming: Bolt of Light
Press: ? - help, Q - select action, (/) - cycle Shift-Dir - straight line, f - orc knight
Aim: an orc knight, wielding a +0 battleaxe and wearing a +0 chain mail (wandering, hasn't noticed you, 68% to hit)
The bolt of light hits the orc knight.
The orc knight shouts!
The orc knight is blinded.
Aiming: Bolt of Light
Press: ? - help, Q - select action, (/) - cycle Shift-Dir - straight line, f/p - orc knight
Aim: an orc knight, wielding a +0 battleaxe and wearing a +0 chain mail (lightly wounded, wandering, blind, hasn't noticed you, 68% to hit)
The bolt of light hits the orc knight!
The orc knight shouts!
You barely miss the orc knight. You grab the orc knight.
You constrict the orc knight.
The orc knight hits you with a +0 battleaxe! 😕 HP[-9]
You take 9 damage, and now have 49/58 hp.
You strike the helpless orc knight from behind!
You tentacle-slap the orc knight but do no damage.
You constrict the orc knight, but do no damage.
The orc knight is no longer blind.
You block the orc knight's attack.
You tentacle-slap the orc knight.
You squeeze the orc knight, but do no damage.
You constrict the orc knight, but do no damage.
The orc knight misses you.
Unknown command.
You tentacle-slap the orc knight. You squeeze the orc knight.
You constrict the orc knight.
The orc knight hits you with a +0 battleaxe!!
* * * LOW HITPOINT WARNING * * *
😨 HP[-22]
You take 22 damage, and now have 27/58 hp.
MASSIVE DAMAGE!! (PAUSE)
Aiming: Bolt of Light
Press: ? - help, Q - select action, (/) - cycle Shift-Dir - straight line, f/p - orc knight
Aim: an orc knight, wielding a +0 battleaxe and wearing a +0 chain mail (moderately wounded, constricted by you, 100% to hit)
The bolt of light hits the orc knight!
The orc knight is blinded.
You constrict the orc knight, but do no damage.
The orc knight closely misses you. 😨 HP[+1] Unknown command.
Aiming: Bolt of Light
Press: ? - help, Q - select action, (/) - cycle Shift-Dir - straight line, f/p - orc knight
Aim: an orc knight, wielding a +0 battleaxe and wearing a +0 chain mail (severely wounded, constricted by you, blind, 100% to hit)
The bolt of light hits the orc knight!
You constrict the orc knight.
The orc knight hits you with a +0 battleaxe!!
* * * LOW HITPOINT WARNING * * *
😱 HP[-20]
You take 20 damage, and now have 8/58 hp.
MASSIVE DAMAGE!! (PAUSE)
You tentacle-slap the orc knight but do no damage.
You squeeze the orc knight, but do no damage.
You constrict the orc knight.
The orc knight hits you with a +0 battleaxe!!
Ouch! That really hurt!
You die...
Your body crumbles into a pile of gold.

Skill      XL: |  1  2  3  4  5  6  7  8  9 10 |
---------------+-------------------------------+-----
Stealth        | 1 2 3 5 7 |  7.0
Unarmed Combat | 5 6 7 8 10 | 10.0
Shields        | 1 |  1.3
Shapeshifting  | 5 7 8 |  8.2
Dodging        | 3 5 |  5.0
Fighting       | |  1.0

Action                     |  1- 3 |  4- 6 |  7- 9 | 10-12 || total
---------------------------+-------+-------+-------+-------++-------
  Melee: Unarmed           |    68 |    76 |   239 |    30 ||   413
         Constrict         |    15 |    17 |    61 |     7 ||   100
         Tentacles         |     8 |    15 |    63 |    12 ||    98
         Punch             |     2 |     2 |    15 |     2 ||    21
  Throw: Boomerang         |       |       |       |     7 ||     7
  Evoke: Wand              |       |       |    11 |     6 ||    17
    Use: Potion            |       |     4 |     5 |       ||     9
         Scroll            |       |       |     8 |       ||     8
   Stab: Sleeping          |    10 |     5 |    16 |       ||    31
         Distracted        |     1 |       |     3 |       ||     4
         Invisible         |       |       |       |     3 ||     3
 Armour: Skin              |    49 |    36 |    94 |    12 ||   191
  Dodge: Dodged            |    51 |    29 |   107 |    10 ||   197
  Block: Kite shield       |       |    13 |    92 |     9 ||   114
   Form: Beast             |       |       |     1 |       ||     1
         Flux              |       |       |     1 |       ||     1

Levels and vault maps discovered:
D:1:      minmay_arrival_semitransparent, layout_loops_ring
D:2:      layout_basic, dreamdust_ecumenical_altar_hidden_monk_grotto,
          minmay_lizard_king, uniq_sigmund
D:3:      layout_loops_ring, grunt_ministairs_3, chequers_serial_rivers_micro_b,
          minmay_misc_feat_doors, uniq_grinder
D:4:      layout_basic, uniq_crazy_yiuf_cottage, uniq_natasha
D:5:      layout_rooms, temple_fountains, ebering_ghost_sewer_d
D:6:      layout_basic, mainiacjoe_overflow_catwalk, uniq_jeremiah,
          uniq_menkaure
D:7:      layout_basic
D:8:      layout_loops_ring, okawaru_metal_pillars_1_2, enter_bailey_2,
          uniq_prince_ribbit1
Temple:   minmay_temple_bridge_d
Bailey:   bailey_axe_4, bailey

Notes
Turn   | Place    | Note
-------+----------+-------------------------------------------
     0 | D:1      | ytrimaz the Octopode Shapeshifter began the quest for the
                  | Orb.
     0 | D:1      | Reached XP level 1. HP: 13/13 MP: 1/1
     0 | D:1      | magus.rc [v1.9.6]
    75 | D:1      | Reached skill level 1 in Stealth
   201 | D:1      | Reached XP level 2. HP: 12/18 MP: 2/2
   311 | D:1      | Reached skill level 2 in Stealth
   412 | D:1      | Reached XP level 3. HP: 23/23 MP: 3/3
   720 | D:2      | Reached skill level 3 in Stealth
   855 | D:2      | Reached XP level 4. HP: 14/28 MP: 4/4
   863 | D:2      | Reached skill level 4 in Unarmed Combat
  1110 | D:2      | Noticed Sigmund
  1113 | D:2      | HP: 7/28 [Sigmund/puff of flame (8)]
  1122 | D:2      | Killed Sigmund
  1123 | D:2      | Reached skill level 5 in Stealth
  1123 | D:2      | Reached skill level 5 in Unarmed Combat
  1123 | D:2      | Reached XP level 5. HP: 16/33 MP: 5/5
  1123 | D:2      | Reached XP level 6. HP: 19/38 MP: 6/6
  1403 | D:2      | You pick up a book of Minor Magic and begin reading...
  1403 | D:2      | You add the spells Magic Dart, Call Imp and Mephitic Cloud
                  | to your library.
  1527 | D:2      | Found a faded altar of an unknown god.
  1724 | D:2      | Reached skill level 6 in Stealth
  2099 | D:3      | Noticed Grinder
  2103 | D:3      | Paralysed by Grinder for 5 turns
  2116 | D:3      | Paralysed by Grinder for 4 turns
  2123 | D:3      | Killed Grinder
  2124 | D:3      | Reached skill level 7 in Stealth
  2124 | D:3      | Reached skill level 6 in Unarmed Combat
  2124 | D:3      | Reached XP level 7. HP: 43/43 MP: 7/7
  2563 | D:3      | Reached skill level 1 in Shields
  2977 | D:4      | Noticed Natasha
  2991 | D:4      | Killed Natasha
  3460 | D:4      | HP: 3/43 [orc priest/divine providence (10)]
  3467 | D:4      | Reached skill level 7 in Unarmed Combat
  3467 | D:4      | Reached XP level 8. HP: 3/48 MP: 8/8
  3634 | D:4      | Noticed Natasha
  3645 | D:4      | Killed Natasha
  3646 | D:4      | Reached skill level 4 in Shapeshifting
  3796 | D:4      | Noticed Natasha
  3805 | D:4      | Killed Natasha
  4316 | D:4      | Found a runed translucent door.
  4317 | D:4      | Noticed Crazy Yiuf
  4358 | D:5      | Entered Level 5 of the Dungeon
  4606 | D:5      | Found a staircase to the Ecumenical Temple.
  4617 | Temple   | Entered the Ecumenical Temple
  4732 | Temple   | Became a worshipper of Gozag Ym Sagoz the Greedy
  4824 | D:5      | Reached skill level 5 in Shapeshifting
  4983 | D:5      | Reached skill level 8 in Unarmed Combat
  5203 | D:5      | Found a runed translucent door.
  5203 | D:5      | Noticed osoart's ghost (novice OpSh)
  5569 | D:6      | Reached XP level 9. HP: 23/53 MP: 9/9
  5724 | D:6      | Noticed Menkaure
  5735 | D:6      | Killed Menkaure
  5736 | D:6      | Reached skill level 6 in Shapeshifting
  5736 | D:6      | Noticed Jeremiah
  5758 | D:6      | HP: 10/53 [Jeremiah/divine providence (13)]
  5785 | D:6      | Killed Jeremiah
  5786 | D:6      | Reached skill level 9 in Unarmed Combat
  5955 | D:6      | You pick up a book of the Tundra and begin reading...
  5955 | D:6      | You add the spells Hailstorm and Summon Ice Beast to your
                  | library.
  6064 | D:6      | Found a burning altar of Makhleb.
  6506 | D:6      | You fall into a shaft and drop 1 floor!
  6580 | D:7      | HP: 8/52 [orc warrior/+0 flail (11)]
  6589 | D:7      | HP: 9/52 [something/magic dart (5)]
  6596 | D:7      | Reached skill level 7 in Shapeshifting
  7588 | D:8      | Reached skill level 3 in Dodging
  7743 | D:8      | Found an iron altar of Okawaru.
  7748 | D:8      | Found a flagged portal.
  7755 | Bailey   | Entered a bailey
  7843 | Bailey   | Noticed an orc knight
  7928 | Bailey   | Reached skill level 10 in Unarmed Combat
  7955 | Bailey   | Reached XP level 10. HP: 32/58 MP: 10/10
  8059 | Bailey   | Reached skill level 4 in Dodging
  8143 | Bailey   | Killed an orc knight
  8144 | Bailey   | Reached skill level 8 in Shapeshifting
  8271 | Bailey   | Reached skill level 5 in Dodging
  8364 | Bailey   | Noticed an orc knight
  8378 | Bailey   | HP: 8/58 [orc knight/+0 battleaxe (20)]
  8379 | Bailey   | Demolished by an orc knight

Vanquished Creatures
  An orc knight (Bailey)
  Jeremiah (D:6)
  Grinder (D:3)
  Sigmund (D:2)
  Menkaure (D:6)
  An acid dragon (D:8)
  A black bear (D:6)
  2 ice beasts (D:6)
  8 orc warriors
  2 ogres
  A centaur (D:6)
  A phantom (D:4)
  2 bullfrogs (D:6)
  2 scorpions
  2 wights (D:7)
  A howler monkey (D:5)
  6 hounds
  3 orc priests (D:4)
  2 jellies
  A sleepcap (D:5)
  4 iguanas
  An orc wizard (D:7)
  Natasha (thrice) (D:4)
  9 gnolls
  17 adders
  2 shadow imps (D:6)
  2 ufetubi (D:7)
  A worm (D:2)
  2 dart slugs
  28 orcs
  8 bats
  6 endoplasms
  2 giant cockroaches
  9 goblins
  9 hobgoblins
  8 jackals
  4 quokkas
  8 ball pythons
  12 frilled lizards
  15 kobolds
  5 rats
195 creatures vanquished.

Table legend:
 A = Non-vault XP
 B = Vault XP
 C = Vault XP percentage of total XP
 D = Non-vault monster count
 E = Vault monster count
 F = Vault count percentage of total count
                 A         B        C        D         E       F
            +---------+---------+-------+---------+---------+-------
      Total |    3118 |    2435 |  43.9 |     161 |      34 |  17.4
            +---------+---------+-------+---------+---------+-------
        D:1 |      47 |       0 |   0.0 |      29 |       0 |   0.0
        D:2 |     128 |     230 |  64.2 |      25 |       8 |  24.2
        D:3 |     172 |     285 |  62.4 |      28 |       3 |   9.7
        D:4 |     607 |      33 |   5.2 |      26 |       1 |   3.7
        D:5 |     400 |       0 |   0.0 |      17 |       0 |   0.0
        D:6 |     978 |     404 |  29.2 |      20 |       2 |   9.1
        D:7 |     495 |       0 |   0.0 |      11 |       0 |   0.0
        D:8 |     291 |       0 |   0.0 |       5 |       0 |   0.0
     Bailey |       0 |    1483 | 100.0 |       0 |      20 | 100.0
            +---------+---------+-------+---------+---------+-------

Skill      XL: |  1  2  3  4  5  6  7  8  9 10 |
---------------+-------------------------------+-----
Stealth        | 1 2 3 5 7 |  7.0
Unarmed Combat | 5 6 7 8 10 | 10.0
Shields        | 1 |  1.3
Shapeshifting  | 5 7 8 |  8.2
Dodging        | 3 5 |  5.0
Fighting       | |  1.0

Action                     |  1- 3 |  4- 6 |  7- 9 | 10-12 || total
---------------------------+-------+-------+-------+-------++-------
  Melee: Unarmed           |    68 |    76 |   239 |    30 ||   413
         Constrict         |    15 |    17 |    61 |     7 ||   100
         Tentacles         |     8 |    15 |    63 |    12 ||    98
         Punch             |     2 |     2 |    15 |     2 ||    21
  Throw: Boomerang         |       |       |       |     7 ||     7
  Evoke: Wand              |       |       |    11 |     6 ||    17
    Use: Potion            |       |     4 |     5 |       ||     9
         Scroll            |       |       |     8 |       ||     8
   Stab: Sleeping          |    10 |     5 |    16 |       ||    31
         Distracted        |     1 |       |     3 |       ||     4
         Invisible         |       |       |       |     3 ||     3
 Armour: Skin              |    49 |    36 |    94 |    12 ||   191
  Dodge: Dodged            |    51 |    29 |   107 |    10 ||   197
  Block: Kite shield       |       |    13 |    92 |     9 ||   114
   Form: Beast             |       |       |     1 |       ||     1
         Flux              |       |       |     1 |       ||     1

Illustrated notes

Table legend:
 A = Kills in this place as a percentage of kills in the entire game.
 B = Kills by you in this place as a percentage of kills by you in the entire game.
 C = Kills by friends in this place as a percentage of kills by friends in the entire game.
 D = Other kills in this place as a percentage of other kills in the entire game.
 E = Experience gained in this place as a percentage of experience gained in the entire game.
 F = Experience gained in this place divided by the number of levels of this place that you have seen.
                   A       B       C       D       E      F
               +-------+-------+-------+-------+-------+----------------------
         Total | 100.0 | 100.0 |   N/A |   N/A | 100.0 | 555.3
       Dungeon |  89.7 |  89.7 |   N/A |   N/A |  73.3 | 508.8
        Bailey |  10.3 |  10.3 |   N/A |   N/A |  26.7 | 1483.0
               +-------+-------+-------+-------+-------+----------------------

Table legend: (Time is in decaauts)
 A = Elapsed time spent in this place.
 B = Non-inter-level travel time spent in this place.
 C = Inter-level travel time spent in this place.
 D = Time resting spent in this place.
 E = Time spent auto-exploring this place.
 F = Levels seen in this place.
 G = Mean time per level.
                   A        B        C        D        E       F      G
               +--------+--------+--------+--------+--------+-----+--------+
         Total |   8376 |   8046 |    330 |    654 |   5600 |  10 |  837.6 |
       Dungeon |   7563 |   7369 |    194 |    560 |   5270 |   8 |  945.4 |
        Temple |    184 |     48 |    136 |      0 |     46 |   1 |  184.0 |
        Bailey |    628 |    628 |      0 |     94 |    284 |   1 |  628.0 |
               +--------+--------+--------+--------+--------+-----+--------+

Top non-repeatable levels by time:
     D:4: 1644 daAuts
     D:2: 1289 daAuts
     D:6: 1062 daAuts
     D:7: 1027 daAuts
     D:3: 892 daAuts
     D:5: 744 daAuts
     D:1: 685 daAuts
  Bailey: 628 daAuts
     D:8: 217 daAuts
  Temple: 184 daAuts
